 Dungeon Crawl Stone Soup version 0.31-a0-968-g24f9ace8b5 (webtiles) character file.

Game seed: 9897284887065513218

763 Shayle the Firebug (level 7, -3/38 HPs)
             Began as a Tengu Hexslinger on Oct 27, 2023.
             Was an Initiate of Yredelemnul.
             Slain by a water moccasin (5 damage)
             ... on level 6 of the Dungeon.
             The game lasted 00:15:35 (5059 turns).

Shayle the Firebug (Tengu Hexslinger)               Turns: 5059, Time: 00:15:36

Health: -3/38      AC: 10    Str:  8    XL:     7   Next: 81%
Magic:  15/15      EV: 28    Int: 15    God:    Yredelemnul [......]
Gold:   192        SH:  4    Dex: 17    Spells: 13/15 levels left

rFire   . . .        d - +1 hand axe (flame)
rCold   . . .        u - +0 buckler
rNeg    . . .        n - +0 ring mail
rPois   .            o - +2 hat
rElec   +            (no cloak)
rCorr   .            l - +2 pair of gloves "Efuarheg" {rElec}
SInv    .            (boots unavailable)
Will    .....        (no amulet)
Stlth   +            (no ring)
HPRegen 0.26/turn    (no ring)
MPRegen 0.14/turn

%: acrobat, clarity
@: acrobatic, flying
A: beak, talons 3, evasive flight, acrobatic, clarity, MP-powered wands
a: Renounce Religion, Recall Undead Harvest


You were on level 6 of the Dungeon.
You worshipped Yredelemnul.
Yredelemnul was noncommittal.
You visited 1 branch of the dungeon, and saw 6 of its levels.

You collected 252 gold pieces.
You spent 60 gold pieces at shops.

Inventory:

Hand Weapons
 a - a +1 sling
 d - a +1 hand axe of flaming (weapon)
Missiles
 e - 2 throwing nets
Armour
 c - a +0 robe
 l - the +2 pair of gloves "Efuarheg" (worn) {rElec}
   (You acquired it on level 6 of the Dungeon)

   rElec:     It insulates you from electricity.
 n - a +0 ring mail (worn)
 o - a +2 hat (worn)
 u - a +0 buckler (worn)
Scrolls
 b - 2 scrolls of poison
 f - a scroll of immolation {unknown}
 g - a scroll of vulnerability {unknown}
 i - 2 scrolls of amnesia {unknown}
 k - 2 scrolls of teleportation
 p - a scroll of torment {unknown}
 q - 3 scrolls of fog
 r - a scroll of fear {unknown}
 t - a scroll of enchant weapon {unknown}
Potions
 h - a potion of mutation
 j - 2 potions of degeneration
 m - a potion of haste {unknown}
 v - 2 potions of cancellation


   Skills:
 - Level 1.0 Fighting
 - Level 2.1 Ranged Weapons
 - Level 2.1 Dodging
 + Level 4.6 Spellcasting
 - Level 2.1 Hexes
 + Level 2.0 Summonings
 + Level 5.5 Fire Magic
 + Level 3.2 Invocations


You had 13 spell levels left.
You knew the following spells:

 Your Spells              Type           Power      Damage    Failure   Level
a - Jinxbite              Hex            20%        N/A       47%         2

Your spell library contained the following spells:

 Spells                   Type           Power      Damage    Failure   Level
 Inner Flame              Hex/Fire       15%        N/A       47%         3
 Volatile Blastmotes      Fire/Tloc      22%        2d11      63%         3
 Freeze                   Ice            12%        1d3       65%         1
 Sandblast                Erth           6%         2d5       65%         1
 Sigil of Binding         Hex            10%        N/A       71%         3
 Cigotuvi's Dreadful Rot  Necr/Pois/Air  6%         N/A       78%         2
 Lesser Beckoning         Tloc           6%         N/A       78%         2
 Passwall                 Tmut/Erth      2%         N/A       78%         2
 Dazzling Flash           Conj/Hex       12%        N/A       86%         3
 Gell's Gravitas          Tloc           3%         N/A       95%         3
 Stone Arrow              Conj/Erth      6%         3d7       95%         3
 Teleport Other           Tloc           3%         N/A       95%         3
 Cause Fear               Hex            5%         N/A       98%         4
 Dimensional Bullseye     Hex/Tloc       3%         N/A       99%         4
 Summon Ice Beast         Ice/Summ       6%         N/A       99%         4
 Brom's Barrelling Bould  Conj/Erth      3%         2d3       100%        4
 Borgnjor's Vile Clutch   Necr/Erth      1%         N/A       100%        5
 Summon Mana Viper        Hex/Summ       9%         N/A       100%        5
 Conjure Ball Lightning   Conj/Air       1%         3x3d6     100%        6
 Starburst                Conj/Fire      5%         6d4       100%        6
 Monstrous Menagerie      Summ           4%         N/A       100%        7
 Borgnjor's Revivificati  Necr           1%         N/A       100%        8
 Discord                  Hex            5%         N/A       100%        8
 Disjunction              Tloc           1%         N/A       100%        8
 Maxwell's Capacitive Co  Air            1%         ∞         100%        8


Dungeon Overview and Level Annotations

Branches:
Dungeon (6/15)
 Temple: D:4-7

Altars:
Okawaru
Qazlal
Ru
Xom
Yredelemnul
The Shining One

Shops:
D:3 ?


Innate Abilities, Weirdness & Mutations

You have a beak for a mouth.
You have claws for feet.
Your magical flight helps you evade attacks. (EV +4)
You can magically evade attacks while moving or waiting.
You possess an exceptional clarity of mind.
You expend magic power (3 MP) to strengthen your wands.


Message History

You miss the water moccasin. Your kick misses the water moccasin.
The water moccasin is moderately wounded.
The water moccasin closely misses you. The water moccasin barely misses you.
Unknown command.
You miss the water moccasin. Your kick misses the water moccasin.
You peck the water moccasin.
The water moccasin is moderately wounded.
You block the water moccasin's attack. The water moccasin bites you.
* * * LOW HITPOINT WARNING * * *
Okay, then.
You miss the water moccasin.
The water moccasin is moderately wounded.
You block the water moccasin's attack. The water moccasin bites you.
* * * LOW HITPOINT WARNING * * *
You closely miss the water moccasin.
You claw the water moccasin, but do no damage.
Your peck misses the water moccasin.
The water moccasin is moderately wounded.
The water moccasin completely misses you.
The water moccasin bites you but does no damage.
You closely miss the water moccasin. Your kick misses the water moccasin.
The water moccasin is moderately wounded.
The water moccasin bites you but does no damage. x2
Okay, then.
You block the water moccasin's attack.
You hear the rusting of a very distant drain.
The water moccasin bites you.
* * * LOW HITPOINT WARNING * * *
Found a book of Conjurations.
The water moccasin attacks as it pursues you!
The water moccasin completely misses you.
The water moccasin bites you but does no damage.
Found a tapered copper wand.
The water moccasin attacks as it pursues you!
You block the water moccasin's attack.
The water moccasin completely misses you.
The water moccasin attacks as it pursues you!
The water moccasin bites you.
You die...
Your body rises from the dead as a mindless zombie.

.....###................##.#.#...
......###....#./.........#####<..
.......###.## ..........# #....
............# ..........# ##..#
............###.... #..#.
.##.........##..# #.. .
##........#.:.## ... .
#$.###......S..## ......#
##$....#@..# ..#..## #..#.##..##
..... #...#......# # ..#..
............. ..
..##.....##......#.. .. # #####.
.......#... .. ......#........ ..
...#.....#### .


You could see a water moccasin.

Vanquished Creatures
  2 centaurs
  A phantom (D:4)
  2 scorpions
  A hound (D:6)
  Jessica (D:2)
  An iguana (D:5)
  Ijyb (D:3)
  An orc wizard (D:5)
  3 gnolls
  5 adders
  2 white imps (D:6)
  2 worms
  3 dart slugs
  5 orcs
  3 ball pythons
  3 bats (D:1)
  7 endoplasms
  12 giant cockroaches
  16 goblins
  8 hobgoblins
  4 jackals (D:1)
  5 quokkas
  3 frilled lizards (D:1)
  7 kobolds
  6 rats
104 creatures vanquished.

Vanquished Creatures (collateral kills)
  An iguana (D:5)
  3 gnolls
  4 orcs (D:5)
  A bat (D:3)
  A giant cockroach (D:3)
  A frilled lizard (D:3)
  A kobold (D:4)
12 creatures vanquished.

Vanquished Creatures (others)
  2 centaur zombies
  A sleepcap (D:6)
  A hound zombie (D:6)
  2 adder zombies
  2 iguana zombies (D:5)
  A spectral white imp (D:6)
  A dart slug zombie (D:5)
  An endoplasm zombie (D:4)
  4 giant cockroach zombies (D:3)
  3 orc zombies (D:5)
18 creatures vanquished.

Grand Total: 134 creatures vanquished

Notes
Turn   | Place    | Note
-------+----------+-------------------------------------------
     0 | D:1      | Shayle the Tengu Hexslinger began the quest for the Orb.
     0 | D:1      | Reached XP level 1. HP: 12/12 MP: 3/3
    67 | D:1      | Reached XP level 2. HP: 16/16 MP: 5/5
   114 | D:1      | Reached skill level 2 in Fire Magic
   180 | D:1      | Found a faded altar of an unknown god.
   242 | D:1      | Reached XP level 3. HP: 20/20 MP: 6/6
  1166 | D:2      | Noticed Jessica
  1169 | D:2      | Killed Jessica
  1170 | D:2      | Reached skill level 3 in Fire Magic
  1170 | D:2      | Reached XP level 4. HP: 25/25 MP: 7/9
  1945 | D:3      | Learned a level 2 spell: Jinxbite
  1958 | D:3      | Found a basalt altar of Yredelemnul.
  1987 | D:3      | Found Wiul's Magic Scroll Shop.
  1991 | D:3      | Became a worshipper of Yredelemnul the Dark
  1996 | D:3      | Bought a scroll of identify for 24 gold pieces
  1996 | D:3      | Bought a scroll of teleportation for 36 gold pieces
  2089 | D:3      | Reached XP level 5. HP: 27/29 MP: 7/10
  2253 | D:3      | Reached * piety under Yredelemnul
  2291 | D:3      | Noticed Ijyb
  2300 | D:3      | Paralysed by Ijyb for 2 turns
  2303 | D:3      | Paralysed by Ijyb for 2 turns
  2310 | D:3      | Paralysed by Ijyb for 3 turns
  2317 | D:3      | Killed Ijyb
  2410 | D:3      | Found a stormy altar of Qazlal.
  2445 | D:3      | Found a sacrificial altar of Ru.
  2635 | D:4      | Reached skill level 1 in Invocations
  2663 | D:4      | Reached skill level 4 in Fire Magic
  2793 | D:4      | Noticed a centaur
  2799 | D:4      | HP: 1/26 [centaur/arrow (2)]
  2807 | D:4      | Killed a centaur
  2808 | D:4      | Reached XP level 6. HP: 4/34 MP: 10/12
  2949 | D:4      | Found a glowing golden altar of the Shining One.
  2975 | D:4      | Gained mutation: You expend magic power (3 MP) to
                  | strengthen your wands. [potion of mutation]
  2975 | D:4      | Gained mutation: You possess an exceptional clarity of
                  | mind. [potion of mutation]
  3457 | D:4      | HP: 1/34 [gnoll/+0 whip (7)]
  3670 | D:4      | Gained mutation: Your magical flight helps you evade
                  | attacks. (EV +4) [Tengu growth]
  3670 | D:4      | Reached XP level 7. HP: 24/38 MP: 2/14
  3870 | D:4      | Found a shimmering altar of Xom.
  3872 | D:4      | Found a shimmering altar of Xom.
  3872 | D:4      | Found a shimmering altar of Xom.
  3984 | D:5      | Entered Level 5 of the Dungeon
  4073 | D:5      | Reached skill level 5 in Fire Magic
  4389 | D:5      | Reached ** piety under Yredelemnul
  4453 | D:5      | Reached skill level 1 in Summonings
  4911 | D:6      | Identified 3 scrolls of acquirement
  4911 | D:6      | Acquired a book of Spectacle
  4912 | D:6      | Acquired the +2 pair of gloves "Efuarheg" {rElec}
  4913 | D:6      | Identified the of Hapsopt (You acquired it on level 6 of
                  | the Dungeon)
  4913 | D:6      | Acquired the Encyclopedia of Frostbound Maleficent Secrets
  5022 | D:6      | Noticed a steam dragon
  5027 | D:6      | Found an iron altar of Okawaru.
  5053 | D:6      | HP: 1/38 [water moccasin (5)]
  5059 | D:6      | Slain by a water moccasin

Illustrated notes

Levels and vault maps discovered:
D:1:      dpeg_arrival_prison, layout_rooms, nicolae_ecumenical_lake_church,
          minmay_cut_off
D:2:      kennysheep_the_goblin_king, layout_basic, serial_curves,
          eino_curves_03, eino_curves_02, kennysheep_decorative_pillar,
          uniq_jessica
D:3:      minmay_roachtagon, layout_rooms,
          mainiacjoe_overflow_concentric_impassable, yredelemnul_altar_generic,
          overflow_temple_1_default, serial_shops, shop, uniq_ijyb
D:4:      layout_loops_ring, kennysheep_little_box, xom_redecorated
D:5:      layout_basic, minmay_temple_entry_large_hall
D:6:      black_bear_nest_1, layout_cave_pools, lightli_temple_of_fire,
          mainiacjoe_overflow_tiny_flanked, portal_sewer_entry_e

Skill      XL: |  1  2  3  4  5  6  7 |
---------------+----------------------+-----
Fire Magic     | 2 3 4 5 |  5.5
Spellcasting   | 2 3 4 |  4.6
Invocations    | 1 2 3 |  3.2
Summonings     | 2 |  2.0
Fighting       | |  1.0
Ranged Weapons | |  2.1
Dodging        | |  2.1
Hexes          | |  2.1

Action                     |  1- 3 |  4- 6 |  7- 9 || total
---------------------------+-------+-------+-------++-------
  Melee: Sling             |       |     1 |       ||     1
         Hand axe          |       |    77 |    92 ||   169
         Kick              |       |    25 |    24 ||    49
         Peck              |       |    15 |    21 ||    36
   Fire: Sling             |   122 |   101 |       ||   223
   Cast: Jinxbite          |       |     1 |       ||     1
 Invoke: Recall Undead Har |       |     3 |       ||     3
  Evoke: Wand              |       |     7 |       ||     7
    Use: Scroll            |       |     4 |     5 ||     9
         Potion            |       |     7 |       ||     7
   Stab: Paralysed         |       |    15 |       ||    15
 Armour: Robe              |    20 |    36 |       ||    56
         Ring mail         |       |    46 |    71 ||   117
  Dodge: Dodged            |    45 |    69 |    70 ||   184
  Block: Buckler           |       |    14 |    27 ||    41

Table legend: (Time is in decaauts)
 A = Elapsed time spent in this place.
 B = Non-inter-level travel time spent in this place.
 C = Inter-level travel time spent in this place.
 D = Time resting spent in this place.
 E = Time spent auto-exploring this place.
 F = Levels seen in this place.
 G = Mean time per level.
                   A        B        C        D        E       F      G
               +--------+--------+--------+--------+--------+-----+--------+
         Total |   5193 |   4947 |    246 |   1006 |   2552 |   6 |  865.5 |
       Dungeon |   5193 |   4947 |    246 |   1006 |   2552 |   6 |  865.5 |
               +--------+--------+--------+--------+--------+-----+--------+

Top non-repeatable levels by time:
     D:4: 1549 daAuts
     D:2: 1256 daAuts
     D:3: 777 daAuts
     D:1: 734 daAuts
     D:5: 668 daAuts
     D:6: 207 daAuts
